BLB
PHOENIX ROADRUNNERS @ SEATTLE PILOTS
08/13/2059
 
TOP OF THE 1ST
Phoenix Roadrunners batting - Pitching for Seattle Pilots : RHP Xavier Cook
Pitching: RHP Xavier Cook
Batting: RHB Rick Anderson 0-0: Ball
1-0: Swinging Strike
1-1: Foul Ball, location: 2F
1-2: Ball
2-2: Strikes out looking
Batting: LHB Dwight Bell 0-0: Ball
1-0: Ball
2-0: Fly out, F5 (Popup, 56, EV 85.6 MPH)
Batting: LHB Rayshaun Stuart 0-0: Ball
1-0: Called Strike
1-1: Fly out, F9 (Flyball, 9D, EV 78.8 MPH)
Top of the 1st over - 0 runs, 0 hits, 0 errors, 0 left on base; Phoenix 0 - Seattle 0
BOTTOM OF THE 1ST
Seattle Pilots batting - Pitching for Phoenix Roadrunners : LHP Jakob Hilliard
Pitching: LHP Jakob Hilliard
Batting: RHB Dalton Howland 0-0: Foul Ball, location: 2F
0-1: Ball
1-1: Ground out 4-3 (Groundball, 4, EV 106.9 MPH)
Batting: RHB Beau Pruett 0-0: Ball
1-0: Swinging Strike
1-1: Ball
2-1: Ball
3-1: Base on Balls
Batting: LHB Ryan Carr 0-0: Ball
Beau Pruett steals 2nd base
1-0: Ball
2-0: Ball
3-0: Called Strike
3-1: Foul Ball, location: 2F
3-2: Foul Ball, location: 2F
3-2: SINGLE (Line Drive, 7S, EV 106.2 MPH)
Beau Pruett to third
Batting: RHB Jerry Coleman 0-0: Called Strike
0-1: 3-RUN HOME RUN (Flyball, 9D, EV 93.1 MPH), Distance : 368 ft
Batting: LHB Emmanuel Thorn 0-0: Ball
1-0: Fly out, F9 (Flyball, 9D, EV 89.4 MPH)
Batting: RHB Axel Loeding 0-0: Called Strike
0-1: SINGLE (Groundball, 4D, EV 96.9 MPH)
Batting: LHB Joseph Brandon 0-0: Fielders Choice at 2nd, 6-4 (Groundball, 6, EV 85.0 MPH)
Bottom of the 1st over - 3 runs, 3 hits, 0 errors, 1 left on base; Phoenix 0 - Seattle 3
TOP OF THE 2ND
Phoenix Roadrunners batting - Pitching for Seattle Pilots : RHP Xavier Cook
Batting: LHB Devon Cundiff 0-0: Ball
1-0: Called Strike
1-1: Ground out U3 (Groundball, 3, EV 80.6 MPH)
Batting: LHB Neil Wanat 0-0: Called Strike
0-1: Called Strike
0-2: DOUBLE (Flyball, 89D, EV 105.0 MPH)
Batting: LHB Tavin Kang 0-0: Called Strike
0-1: Ball
1-1: Ball
2-1: Foul Ball, location: 2F
2-2: Ground out 5-3 (Groundball, 5, EV 108.8 MPH)
Batting: RHB Tyrek Schaaf 0-0: Called Strike
0-1: Foul Ball, location: 2F
0-2: Ball
1-2: Strikes out swinging
Top of the 2nd over - 0 runs, 1 hit, 0 errors, 1 left on base; Phoenix 0 - Seattle 3
BOTTOM OF THE 2ND
Seattle Pilots batting - Pitching for Phoenix Roadrunners : LHP Jakob Hilliard
Batting: RHB Logan Kyle 0-0: Ball
1-0: Foul Ball, location: 2F
1-1: Ball
2-1: Ball
3-1: Base on Balls
Batting: RHB Karviar Smallwood 0-0: Ball
1-0: Called Strike
1-1: Swinging Strike
1-2: Strikes out swinging
Batting: RHB Dalton Howland 0-0: Ball
1-0: Swinging Strike
1-1: Called Strike
1-2: Ball
2-2: Grounds into double play, 5-4-3 (Groundball, 56S, EV 78.8 MPH)
Bottom of the 2nd over - 0 runs, 0 hits, 0 errors, 0 left on base; Phoenix 0 - Seattle 3
TOP OF THE 3RD
Phoenix Roadrunners batting - Pitching for Seattle Pilots : RHP Xavier Cook
Batting: RHB Micah Elliott 0-0: Ball
1-0: Swinging Strike
1-1: Foul Ball, location: 2F
1-2: Strikes out swinging
Batting: RHB Dalton Banks 0-0: Foul Ball, location: 2F
0-1: Ball
1-1: Ball
2-1: Fly out, F8 (Flyball, 89M, EV 84.4 MPH)
Batting: RHB Rick Anderson 0-0: Ground out 4-3 (Groundball, 4S, EV 73.1 MPH)
Top of the 3rd over - 0 runs, 0 hits, 0 errors, 0 left on base; Phoenix 0 - Seattle 3
BOTTOM OF THE 3RD
Seattle Pilots batting - Pitching for Phoenix Roadrunners : LHP Jakob Hilliard
Batting: RHB Beau Pruett 0-0: Called Strike
0-1: Fly out, F7 (Flyball, 7D, EV 91.2 MPH)
Batting: LHB Ryan Carr 0-0: Called Strike
0-1: Fly out, F8 (Flyball, 8LXD, EV 105.0 MPH)
Batting: RHB Jerry Coleman 0-0: Swinging Strike
0-1: Ball
1-1: Ball
2-1: Foul Ball, location: 2F
2-2: Foul Ball, location: 2F
2-2: Strikes out swinging
Bottom of the 3rd over - 0 runs, 0 hits, 0 errors, 0 left on base; Phoenix 0 - Seattle 3
TOP OF THE 4TH
Phoenix Roadrunners batting - Pitching for Seattle Pilots : RHP Xavier Cook
Batting: LHB Dwight Bell 0-0: Foul Ball, location: 2F
0-1: Ball
1-1: Ball
2-1: Foul Ball, location: 2F
2-2: SOLO HOME RUN (Flyball, 78XD, EV 100.0 MPH), Distance : 419 ft
Batting: LHB Rayshaun Stuart 0-0: Foul Ball, location: 2F
0-1: Foul Ball, location: 2F
0-2: Strikes out swinging
Batting: LHB Devon Cundiff 0-0: SINGLE (Groundball, 56S, EV 71.9 MPH) (infield hit)
Batting: LHB Neil Wanat 0-0: Called Strike
Devon Cundiff steals 2nd base
Balk!
Devon Cundiff to third
0-1: Foul Ball, location: 2F
0-2: Foul Ball, location: 2F
0-2: Foul Ball, location: 2F
0-2: Strikes out swinging, 2-3 out at first.
Batting: LHB Tavin Kang 0-0: Ball
1-0: Foul Ball, location: 2F
1-1: Called Strike
1-2: Ball
2-2: Ball
3-2: Strikes out swinging
Top of the 4th over - 1 run, 2 hits, 0 errors, 1 left on base; Phoenix 1 - Seattle 3
BOTTOM OF THE 4TH
Seattle Pilots batting - Pitching for Phoenix Roadrunners : LHP Jakob Hilliard
Batting: LHB Emmanuel Thorn 0-0: Fly out, F5 (Popup, 15, EV 81.9 MPH)
Batting: RHB Axel Loeding 0-0: Swinging Strike
0-1: Foul Ball, location: 2F
0-2: Ball
1-2: Ball
2-2: Ground out 6-3 (Groundball, 6, EV 89.4 MPH)
Batting: LHB Joseph Brandon 0-0: Swinging Strike
0-1: SINGLE (Groundball, 6MS, EV 68.1 MPH) (infield hit)
Batting: RHB Logan Kyle 0-0: Called Strike
0-1: Swinging Strike
0-2: Ball
1-2: Strikes out swinging
Bottom of the 4th over - 0 runs, 1 hit, 0 errors, 1 left on base; Phoenix 1 - Seattle 3
TOP OF THE 5TH
Phoenix Roadrunners batting - Pitching for Seattle Pilots : RHP Xavier Cook
Batting: RHB Tyrek Schaaf 0-0: Ball
1-0: Ball
2-0: Ball
3-0: Base on Balls
Batting: RHB Micah Elliott 0-0: Swinging Strike
0-1: Grounds into double play, 6-4-3 (Groundball, 6, EV 100.6 MPH)
Batting: RHB Dalton Banks 0-0: Ball
1-0: Swinging Strike
1-1: Swinging Strike
1-2: Strikes out looking
Top of the 5th over - 0 runs, 0 hits, 0 errors, 0 left on base; Phoenix 1 - Seattle 3
BOTTOM OF THE 5TH
Seattle Pilots batting - Pitching for Phoenix Roadrunners : LHP Jakob Hilliard
Batting: RHB Karviar Smallwood 0-0: Ball
1-0: Foul Ball, location: 2F
1-1: Foul Ball, location: 2F
1-2: Strikes out swinging
Batting: RHB Dalton Howland 0-0: Ball
1-0: Called Strike
1-1: SINGLE (Line Drive, 4MD, EV 104.4 MPH)
Batting: RHB Beau Pruett 0-0: Swinging Strike
0-1: Ball
1-1: Ball
2-1: SINGLE (Groundball, 56D, EV 94.4 MPH)
Dalton Howland to second
Batting: LHB Ryan Carr 0-0: Called Strike
0-1: Ball
Wild Pitch!
Dalton Howland to third
Beau Pruett to second
1-1: Swinging Strike
1-2: Ball
2-2: Strikes out swinging
Batting: RHB Jerry Coleman 0-0: Ball
Wild Pitch!
Dalton Howland scores
Beau Pruett to third
1-0: Ball
2-0: Fly out, F7 (Line Drive, 7S, EV 96.2 MPH)
Bottom of the 5th over - 1 run, 2 hits, 0 errors, 1 left on base; Phoenix 1 - Seattle 4
TOP OF THE 6TH
Phoenix Roadrunners batting - Pitching for Seattle Pilots : RHP Xavier Cook
Batting: RHB Rick Anderson 0-0: Fly out, F3 (Line Drive, 3, EV 66.2 MPH)
Batting: LHB Dwight Bell 0-0: Called Strike
0-1: Called Strike
0-2: Ball
1-2: Ball
2-2: Strikes out swinging
Batting: LHB Rayshaun Stuart 0-0: Ball
1-0: Ball
2-0: Ball
3-0: Base on Balls
Batting: LHB Devon Cundiff 0-0: Called Strike
0-1: DOUBLE (Line Drive, 7LM, EV 95.6 MPH)
Rayshaun Stuart to third
Runner from 3rd tries for Home, SAFE, throw by LF to home
Batting: LHB Neil Wanat 0-0: Called Strike
0-1: SINGLE (Line Drive, 6D, EV 96.9 MPH)
Devon Cundiff to third
Runner from 3rd tries for Home, throw by CF and OUT! 8-2
Top of the 6th over - 1 run, 2 hits, 0 errors, 1 left on base; Phoenix 2 - Seattle 4
BOTTOM OF THE 6TH
Seattle Pilots batting - Pitching for Phoenix Roadrunners : LHP Jakob Hilliard
Batting: LHB Emmanuel Thorn 0-0: Foul Ball, location: 2F
0-1: Foul Ball, location: 2F
0-2: Foul Ball, location: 2F
0-2: Strikes out swinging
Batting: RHB Axel Loeding 0-0: Ball
1-0: Called Strike
1-1: Swinging Strike
1-2: Strikes out swinging
Batting: LHB Joseph Brandon 0-0: Ball
1-0: Swinging Strike
1-1: Ball
2-1: SINGLE (Groundball, 6M, EV 108.1 MPH) (infield hit)
Batting: RHB Logan Kyle 0-0: Ball
1-0: Ball
2-0: Ball
3-0: Called Strike
3-1: 2-RUN HOME RUN (Line Drive, 9LD, EV 93.8 MPH), Distance : 355 ft
Pitching: RHP James Forbes
Batting: RHB Karviar Smallwood 0-0: Ball
1-0: Fly out, F9 (Flyball, 9D, EV 100.6 MPH)
Bottom of the 6th over - 2 runs, 2 hits, 0 errors, 0 left on base; Phoenix 2 - Seattle 6
TOP OF THE 7TH
Phoenix Roadrunners batting - Pitching for Seattle Pilots : RHP Xavier Cook
Batting: LHB Tavin Kang 0-0: Called Strike
0-1: Ball
1-1: SINGLE (Line Drive, 9S, EV 100.6 MPH)
Batting: RHB Tyrek Schaaf 0-0: Called Strike
Tavin Kang is caught stealing 2nd base 2-4
0-1: Fly out, F9 (Flyball, 9LS, EV 90.6 MPH)
Batting: RHB Micah Elliott 0-0: Ball
1-0: Foul Ball, location: 2F
1-1: Swinging Strike
1-2: Fly out, F8 (Line Drive, 8LD, EV 99.4 MPH)
Top of the 7th over - 0 runs, 1 hit, 0 errors, 0 left on base; Phoenix 2 - Seattle 6
BOTTOM OF THE 7TH
Seattle Pilots batting - Pitching for Phoenix Roadrunners : RHP James Forbes
Batting: RHB Dalton Howland 0-0: Swinging Strike
0-1: Ball
1-1: Called Strike
1-2: Ground out U3 (Groundball, 3, EV 110.6 MPH)
Batting: RHB Beau Pruett 0-0: Ball
1-0: Fly out, F9 (Flyball, 89M, EV 86.9 MPH)
Batting: LHB Ryan Carr 0-0: Ball
1-0: Foul Ball, location: 2F
1-1: Called Strike
1-2: Ball
2-2: SINGLE (Groundball, 4MS, EV 67.5 MPH) (infield hit)
Batting: RHB Jerry Coleman 0-0: Ball
1-0: Called Strike
1-1: Called Strike
1-2: TRIPLE (Flyball, 9D, EV 93.8 MPH)
Ryan Carr scores
Batting: LHB Emmanuel Thorn 0-0: Foul Ball, location: 2F
0-1: Ball
1-1: Swinging Strike
1-2: Ball
2-2: Ball
3-2: SINGLE (Groundball, 34D, EV 95.6 MPH)
Jerry Coleman scores
Batting: RHB Axel Loeding 0-0: Ball
1-0: Ball
2-0: SINGLE (Line Drive, 89M, EV 106.9 MPH)
Emmanuel Thorn to second
Runner from 2nd tries for 3rd, SAFE, throw by CF made to third
Pitching: RHP Carter Byars
Pinch Runner at 3rd Douglas Morrison:
Batting: LHB Joseph Brandon 0-0: Called Strike
0-1: SINGLE (Groundball, P, EV 82.5 MPH) (infield hit)
Douglas Morrison scores
Axel Loeding to second
Batting: RHB Logan Kyle 0-0: Swinging Strike
0-1: Foul Ball, location: 2F
0-2: Strikes out swinging
Bottom of the 7th over - 3 runs, 5 hits, 0 errors, 2 left on base; Phoenix 2 - Seattle 9
TOP OF THE 8TH
Phoenix Roadrunners batting - Pitching for Seattle Pilots : RHP Xavier Cook
Pitching: RHP Kris Hansen
Now at 2B: Douglas Morrison
Batting: RHB Dalton Banks 0-0: Ball
1-0: Ball
2-0: Ball
3-0: Base on Balls
Batting: RHB Rick Anderson 0-0: DOUBLE (Line Drive, 7LS, EV 102.5 MPH)
Dalton Banks to third
Runner from 3rd tries for Home, SAFE, no throw by LF
Pitching: LHP Rodell Jiu
Pinch Hitting: RHB Harrison Jordan 0-0: Called Strike
0-1: Foul Ball, location: 2F
0-2: Foul Ball, location: 2F
0-2: Ball
1-2: Ball
2-2: Fly out, F9 (Flyball, 9D, EV 98.8 MPH)
Runner from 2nd tags up, SAFE at 3rd, no throw by RF
Batting: LHB Rayshaun Stuart 0-0: Ball
1-0: Foul Ball, location: 2F
1-1: Swinging Strike
1-2: Strikes out swinging
Batting: LHB Devon Cundiff 0-0: Fly out, F7 (Flyball, 7D, EV 90.0 MPH)
Top of the 8th over - 1 run, 1 hit, 0 errors, 1 left on base; Phoenix 3 - Seattle 9
BOTTOM OF THE 8TH
Seattle Pilots batting - Pitching for Phoenix Roadrunners : RHP Carter Byars
Now at 1B: Will Harper
Batting: RHB Karviar Smallwood 0-0: Fly out, F9 (Flyball, 89M, EV 81.2 MPH)
Batting: RHB Dalton Howland 0-0: Called Strike
0-1: Ball
1-1: Ball
2-1: Fly out, F9 (Line Drive, 9LM, EV 102.5 MPH)
Batting: RHB Beau Pruett 0-0: Ball
1-0: Ball
2-0: Foul Ball, location: 2F
2-1: Called Strike
2-2: Foul Ball, location: 2F
2-2: Ball
3-2: Ground out 6-3 (Groundball, 56, EV 83.8 MPH)
Bottom of the 8th over - 0 runs, 0 hits, 0 errors, 0 left on base; Phoenix 3 - Seattle 9
TOP OF THE 9TH
Phoenix Roadrunners batting - Pitching for Seattle Pilots : LHP Rodell Jiu
Batting: LHB Neil Wanat 0-0: Ball
1-0: Swinging Strike
1-1: Ball
2-1: Ball
3-1: Foul Ball, location: 2F
3-2: Base on Balls
Batting: LHB Tavin Kang 0-0: Ball
1-0: Ball
2-0: Ball
3-0: Called Strike
3-1: Foul Ball, location: 2F
3-2: Fly out, F7 (Flyball, 7, EV 86.2 MPH)
Pitching: RHP Ryder Middleton
Batting: RHB Tyrek Schaaf 0-0: Ball
1-0: Called Strike
1-1: Foul Ball, location: 2F
1-2: Foul Ball, location: 2F
1-2: Strikes out looking
Batting: RHB Micah Elliott 0-0: DOUBLE (Line Drive, 78D, EV 105.0 MPH)
Neil Wanat to third
Batting: RHB Dalton Banks 0-0: Fly out, F9 (Flyball, 9S, EV 83.8 MPH)
Top of the 9th over - 0 runs, 1 hit, 0 errors, 2 left on base; Phoenix 3 - Seattle 9
Saturday, March 23rd , 2024 - OOTP Baseball 23.10 Build 110